 Dungeon Sprint DCSS version 0.17.1-2-g5865329 (webtiles) character file.

0 Ponchio the Insei (level 1, -5/13 HPs)
             Began as an Octopode Transmuter on Jan 11, 2016.
             Slain by Sigmund
             ... wielding a +3 scythe of slicing
              (17 damage)
             ... in the Dungeon (Sprint VI: "Thunderdome").
             The game lasted 00:03:04 (79 turns).

Ponchio the Insei (Octopode Transmuter)               Turns: 79, Time: 00:03:04

Health: -5/13      AC:  1    Str:  2    XL:     1   Next: 30%
Magic:  3/3        EV: 12    Int: 17    God:
Gold:   20         SH:  0    Dex: 14    Spells: 1 memorised, 3 levels left

rFire  x x .     SeeInvis +       - Unarmed
rCold  + + .     Clarity  +     (no shield)
rNeg   + . .     SustAt   .     (helmet restricted)
rPois  +         Gourm    .     q - amulet "Keoxos" {Clar rN+ Stlth+}
rElec  .         Spirit   .     n - ring of Grace {Ice Str-4 Dex+2 Stlth+}
rCorr  .         Warding  .     o - ring of Kiniowk {-Tele +Inv rPois Int+2}
rMut   .         NoTele   +     p - ring "Vabidae" {Ice +Inv Str-3 SInv Stlth+}
MR     .....                    (no ring)
Stlth  +++++.....               (no ring)
                                (no ring)
                                (no ring)
                                (no ring)

@: not resistant to hostile enchantments, quite stealthy
A: almost no armour, amphibious, 8 rings, constrict 8, camouflage 1, gelatinous
body 1
a: Evoke Invisibility


You were in the Dungeon.
You were not hungry.

You visited 1 branch You collected 200 gold pieces.
You spent 180 gold pieces at shops.

Inventory:

Missiles
 a - 12 arrows
Jewellery
 n - the ring of Grace (left tentacle) {Ice Str-4 Dex+2 Stlth+}
   (You bought it in a shop in the Dungeon)

   [ring of ice]

   It enhances your ice magic, and weakens your fire magic.
   It affects your strength (-4).
   It affects your dexterity (+2).
   It makes you vulnerable to fire.
   It protects you from cold.
   It makes you more stealthy.
 o - the ring of Kiniowk (right tentacle) {-Tele +Inv rPois Int+2}
   (You bought it in a shop in the Dungeon)

   [ring of invisibility]

   It affects your intelligence (+2).
   It protects you from poison.
   It lets you turn invisible.
   It prevents most forms of teleportation.
 p - the ring "Vabidae" (on tentacle) {Ice +Inv Str-3 SInv Stlth+}
   (You bought it in a shop in the Dungeon)

   [ring of ice]

   It enhances your ice magic, and weakens your fire magic.
   It affects your strength (-3).
   It makes you vulnerable to fire.
   It protects you from cold.
   It lets you see invisible.
   It lets you turn invisible.
   It makes you more stealthy.
 q - the amulet "Keoxos" (around mantle) {Clar rN+ Stlth+}
   (You bought it in a shop in the Dungeon)

   [amulet of clarity]

   It provides mental clarity.
   It protects you from negative energy.
   It makes you more stealthy.
Wands
 j - a wand of cold (5)
 k - a wand of fire (5)
Scrolls
 i - 4 scrolls of blinking
 l - 3 scrolls of fog
Potions
 d - a potion of curing
 e - 4 potions of heal wounds
 f - 4 potions of haste
 g - 2 potions of magic
 h - a potion of berserk rage
 m - a potion of resistance
Books
 b - a book of Changes

   Spells                             Type                      Level
   a - Beastly Appendage              Transmutation                1
   b - Sticks to Snakes               Transmutation                2
   c - Spider Form                    Transmutation/Poison         3
   d - Ice Form                       Ice/Transmutation            4
   e - Blade Hands                    Transmutation                5
Comestibles
 c - a bread ration


   Skills:
 + Level 1.4 Fighting
 + Level 2.2 Dodging
 + Level 3.2 Unarmed Combat
 + Level 2.2 Spellcasting
 + Level 2.2 Transmutations


You had 3 spell levels left.
You knew the following spells:

 Your Spells              Type           Power        Failure   Level  Hunger
a - Beastly Appendage     Trmt           #.....       10%         1    #......


Dungeon Overview and Level Annotations

Branches:
Dungeon (1/1)

Altars:
Cheibriados
Dithmenos
Fedhas
Gozag
Kikubaaqudgha
Makhleb
Okawaru
Qazlal
Ru
Sif Muna
Trog
Vehumet
Xom
Yredelemnul
Zin
The Shining One
Jiyva
Lugonu

Shops:
D *[%??*?*:[((!!!!

Annotations:
D Sigmund


Innate Abilities, Weirdness & Mutations

You cannot wear most types of armour.
You are amphibious.
You can wear up to eight rings at the same time.
You can use your tentacles to constrict eight enemies at once.
Your skin changes colour to match your surroundings (Stealth).
Your rubbery body absorbs attacks (AC +1).


Message History

There is a shimmering altar of Xom here.
There is an entrance to Fuviem's Distillery here.
There is a shimmering altar of Xom here.
There is a sacrificial altar of Ru here.
Sigmund the Dreaded comes into view.
He is wielding a scythe of slicing.
Found a deep blue altar of Sif Muna.
Found Heumilukk's Staff Store.
Found a radiant altar of Vehumet.
Found Opir's Must-Have Magic.
Found Yninn's Magic Scroll Shop.
Found Nugy's Magic Scroll Shop.
Found an opulent altar of Gozag and an iron altar of Okawaru.
You barely miss Sigmund. Your grab misses Sigmund. You tentacle-slap Sigmund.
Your grab misses Sigmund.
Sigmund is lightly wounded.
Sigmund completely misses you.
You tentacle-slap Sigmund. You grab Sigmund. You squeeze Sigmund!
Sigmund is heavily wounded.
Sigmund hits you with a scythe of slicing!
Ouch! That really hurt!
You die...

#..... ##.....## #∩.....∩##
∩.......∩# _......._#
_......._# _........#
###.......@.###
#⌠.......@...⌠#
######.8.........8.######
##∩___......###.......__∩##
#∩........8.# #.8........∩###
............###.............#
.........###...###..........⌠#
.........# #.<.# #..........⌠#
.........###...###..........⌠#


You could see Sigmund.

Vanquished Creatures
  An orc (D)
1 creature vanquished.

Notes
Turn   | Place    | Note
--------------------------------------------------------------
     0 | D        | Ponchio the Octopode Transmuter began the quest for the Orb.
     0 | D        | Reached XP level 1. HP: 13/13 MP: 3/3
     2 | D        | Found a stormy altar of Qazlal.
     3 | D        | Found a basalt altar of Yredelemnul.
     3 | D        | Found a shadowy altar of Dithmenos.
     4 | D        | Found a glowing silver altar of Zin.
     5 | D        | Found Mayj's Identification Station.
     5 | D        | Found a blossoming altar of Fedhas.
     5 | D        | Found a snail-covered altar of Cheibriados.
     5 | D        | Found Vuex's Bee Food.
     5 | D        | Round 1.
     6 | D        | Found Ritaar's Advanced Armour.
     6 | D        | Found Onialeto's Jewellery.
    10 | D        | Found a viscous altar of Jiyva.
    14 | D        | Bought a heavily runed granite ring for 45 gold pieces
    14 | D        | Bought a flickering bronze ring for 45 gold pieces
    14 | D        | Bought a fine iron ring for 45 gold pieces
    14 | D        | Bought a shimmering iron amulet for 45 gold pieces
    14 | D        | Identified the ring of Grace {Ice Str-4 Dex+2 Stlth+} (You bought it in a shop in the Dungeon)
    15 | D        | Identified the ring of Kiniowk {-Tele +Inv rPois Int+2} (You bought it in a shop in the Dungeon)
    16 | D        | Identified the ring "Vabidae" {Ice +Inv Str-3 SInv Stlth+} (You bought it in a shop in the Dungeon)
    17 | D        | Identified the amulet "Keoxos" {Clar rN+ Stlth+} (You bought it in a shop in the Dungeon)
    35 | D        | Found a corrupted altar of Lugonu.
    37 | D        | Found Xusapeqa's Premium Goods.
    39 | D        | Found a burning altar of Makhleb.
    39 | D        | Found a glowing golden altar of the Shining One.
    39 | D        | Found Maqah Lirr's Weapon Rack.
    40 | D        | Found Ucyqyvad's Miscellaneous Merchandise.
    40 | D        | Found Foguepenna's Basic Armour.
    46 | D        | Found a bloodstained altar of Trog.
    50 | D        | Found an ancient bone altar of Kikubaaqudgha.
    52 | D        | Found Cifeul's Do-It-Yourself Clinic.
    53 | D        | Found Mommuinna's Bottled Wisdom.
    53 | D        | Found Noudgh's Distillery.
    55 | D        | Found a sacrificial altar of Ru.
    55 | D        | Found a shimmering altar of Xom.
    55 | D        | Found Fuviem's Distillery.
    70 | D        | Noticed Sigmund
    71 | D        | Found a deep blue altar of Sif Muna.
    72 | D        | Found a radiant altar of Vehumet.
    72 | D        | Found Heumilukk's Staff Store.
    74 | D        | Found Opir's Must-Have Magic.
    75 | D        | Found Yninn's Magic Scroll Shop.
    76 | D        | Found an opulent altar of Gozag.
    76 | D        | Found an iron altar of Okawaru.
    76 | D        | Found Nugy's Magic Scroll Shop.
    79 | D        | Slain by Sigmund

Action                   || total
-------------------------++-------
Melee: Unarmed           ||     5
